Adelaide Pink Elephants vs Tucson Roadrunners
Created - Monday, April 3, 2023 at 07:30
Goals
|
| Adelaide Pink Elephants |
0 |
1 |
0 |
1 |
| Tucson Roadrunners |
1 |
1 |
0 |
2 |
|
Shots
|
| Adelaide Pink Elephants |
10 |
9 |
11 |
30 |
| Tucson Roadrunners |
18 |
8 |
6 |
32 |
|
1st period
1. Tucson Roadrunners , Scott Reedy 6 (Carson Soucy 6, William Carrier 10) at 7:03
Penalties :
Carson Soucy (TRR) for Hooking (Minor) at 9:01, Carson Soucy (TRR) for Holding Stick (Minor) at 13:15, Rocco Grimaldi (TRR) for Fighting (Major) at 18:40, Adam Gaudette (APE) for Fighting (Major) at 18:40
2nd period
2. Adelaide Pink Elephants , Johan Larsson 18 (Ryan Dzingel 19) at 2:58 (PP)
3. Tucson Roadrunners , Matthew Nieto 16 (Rocco Grimaldi 13, Justin Danforth 11) at 19:34
Penalties :
Gage Goncalves (TRR) for Holding (Minor) at 1:34, Kevin Stenlund (APE) for Hooking (Minor) at 4:58, Michal Kempny (TRR) for Hooking (Minor) at 15:17
3rd period
No Goal
Penalties :
Riley Damiani (APE) for Tripping (Minor) at 10:23
Goalie Stats
Jet Greaves (APE), 30 saves from 32 shots - (0.938), L, 6-9-0, 59:00 minutes
Martin Jones (TRR), 29 saves from 30 shots - (0.967), W, 8-3-3, 60:00 minutes
Players Stats for Adelaide Pink Elephants
Player Name G A P +/- PIM S H SB GA TA FO MP PP MP PK MP
------------------------------------------------------------------------------------
A.J. Greer 0 0 0 0 0 0 0 0 0 0 0/0 12:36 0:00 0:18
Adam Gaudette 0 0 0 -2 5 2 2 1 1 0 0/0 17:32 3:04 1:33
Axel Jonsson-Fjallby 0 0 0 0 0 2 2 0 0 0 0/0 13:31 0:00 0:58
Ben Gleason 0 0 0 0 0 1 0 2 0 0 0/0 12:41 0:00 0:00
Caleb Jones 0 0 0 0 0 0 0 0 1 2 0/0 26:06 4:26 2:38
Declan Chisholm 0 0 0 -2 0 0 3 0 0 0 0/0 20:16 2:55 1:20
Dominik Simon 0 0 0 0 0 2 3 0 0 0 1/2 18:27 2:53 0:37
Johan Larsson 1 0 1 -2 0 6 2 0 0 0 24/35 25:24 4:28 2:07
Kevin Stenlund 0 0 0 0 2 2 2 2 0 1 7/12 18:05 2:53 0:12
Marc McLaughlin 0 0 0 0 0 1 0 0 0 0 0/0 3:27 0:00 0:00
Matthew Phillips 0 0 0 0 0 3 0 0 0 1 0/0 17:51 2:53 0:00
Nick Cicek 0 0 0 0 0 0 0 2 0 0 0/0 13:30 0:00 0:00
Philippe Myers 0 0 0 0 0 0 0 2 0 1 0/0 26:06 4:26 2:38
Riley Damiani 0 0 0 0 2 4 1 0 0 0 3/4 12:48 0:00 0:06
Robin Salo 0 0 0 -2 0 0 0 1 1 0 0/0 20:39 2:55 1:20
Ryan Dzingel 0 1 1 -2 0 6 2 0 0 0 1/5 25:18 4:28 2:05
Ryan Suzuki 0 0 0 0 0 1 0 0 0 0 0/1 4:50 0:00 0:00
Tyler Madden 0 0 0 0 0 0 0 0 0 0 0/0 6:52 1:24 0:00
Players Stats for Tucson Roadrunners
Player Name G A P +/- PIM S H SB GA TA FO MP PP MP PK MP
------------------------------------------------------------------------------------
Andre Lee 0 0 0 0 0 0 2 0 0 0 0/0 7:40 0:00 0:00
Ben Jones 0 0 0 0 0 0 0 0 0 0 1/2 6:54 0:00 0:00
Carson Soucy 0 1 1 2 4 6 2 1 0 0 0/0 24:07 2:33 2:40
Gage Goncalves 0 0 0 0 2 0 0 0 0 0 0/0 6:53 0:00 0:00
Justin Danforth 0 1 1 1 0 2 2 1 0 0 12/29 18:19 2:03 1:52
Lukas Rousek 0 0 0 0 0 0 0 0 0 1 0/0 11:59 0:00 0:00
Marian Studenic 0 0 0 0 0 3 1 3 0 0 1/1 16:10 0:00 1:57
Matthew Highmore 0 0 0 1 0 1 3 0 0 0 0/0 16:41 1:55 0:33
Matthew Nieto 1 0 1 1 0 6 0 0 0 0 5/14 24:06 2:03 4:56
Michal Kempny 0 0 0 0 2 0 0 1 1 0 0/0 20:29 1:25 2:07
Mikhail Maltsev 0 0 0 0 0 1 2 1 0 0 2/4 12:35 0:00 0:00
Nick Seeler 0 0 0 0 0 1 0 1 0 1 0/0 17:15 0:00 2:34
Nicolas Meloche 0 0 0 0 0 1 0 0 2 0 0/0 20:01 1:25 2:44
Robert Hagg 0 0 0 2 0 3 2 1 0 1 0/0 25:43 2:33 4:37
Rocco Grimaldi 0 1 1 1 5 3 2 2 1 0 0/0 17:14 2:03 3:32
Scott Reedy 1 0 1 1 0 2 0 1 1 0 1/8 15:31 1:55 0:00
Simon Benoit 0 0 0 0 0 0 1 1 0 0 0/0 13:11 0:00 0:00
William Carrier 0 1 1 1 0 3 1 0 0 0 1/1 17:46 1:55 1:52
3 Stars
1 - Martin Jones (TRR)
2 - Scott Reedy (TRR)
3 - Matthew Nieto (TRR)
Power Play
Adelaide Pink Elephants - 1 on 4 Attempt(s) - 25.00%
Tucson Roadrunners - 0 on 2 Attempt(s) - 0.00%
Penalty Kill
Adelaide Pink Elephants - 2 on 2 Attempt(s) - 100.00%
- Score 0 goal in Penalty Kill
Tucson Roadrunners - 3 on 4 Attempt(s) - 75.00%
- Score 0 goal in Penalty Kill
Team Stat
Adelaide Pink Elephants - Hits : 17 - Faceoff Wins : 36 - Blocked Shots : 10 - Penalty Minutes : 9
Tucson Roadrunners - Hits : 18 - Faceoff Wins : 23 - Blocked Shots : 13 - Penalty Minutes : 13
Official
Referees : Dan O'Halloran and Greg Kimmerly
Linesman : John Grandt and Ryan Gibbons
Game Notes
Adam Gaudette beats up Rocco Grimaldi at 18:40 of 1st period
19:34 of 2nd period - Tucson Roadrunners goal is going for a video replay. After video review, Goal.
Adelaide Pink Elephants
5 vs 5 Forward
Center Left Wing Right Wing Time % Phy DF OF
1 Johan Larsson Ryan Dzingel Adam Gaudette 40 1 2 2
2 Kevin Stenlund Dominik Simon Matthew Phillips 30 1 2 2
3 Riley Damiani Axel Jonsson-Fjallby A.J. Greer 20 1 2 2
4 Ryan Suzuki Johan Larsson Ryan Dzingel 10 1 2 2
5 vs 5 Defense
Defense Defense Time % Phy DF OF
1 Caleb Jones Philippe Myers 40 1 2 2
2 Robin Salo Declan Chisholm 30 1 2 2
3 Ben Gleason Nick Cicek 20 1 2 2
4 Caleb Jones Philippe Myers 10 1 2 2
PowerPlay Forward
Center Left Wing Right Wing Time % Phy DF OF
1 Johan Larsson Ryan Dzingel Adam Gaudette 60 1 2 2
2 Kevin Stenlund Dominik Simon Matthew Phillips 40 1 2 2
PowerPlay Defense
Defense Defense Time % Phy DF OF
1 Caleb Jones Philippe Myers 60 1 2 2
2 Robin Salo Declan Chisholm 40 1 2 2
Penalty Kill 4 Players Forward
Center Wing Time % Phy DF OF
1 Johan Larsson Ryan Dzingel 60 1 2 2
2 Adam Gaudette Dominik Simon 40 1 2 2
Penalty Kill 4 Players Defense
Defense Defense Time % Phy DF OF
1 Caleb Jones Philippe Myers 60 1 2 2
2 Robin Salo Declan Chisholm 40 1 2 2
Penalty Kill - 3 Players Forward
Forward Time % Phy DF OF
1 Johan Larsson 60 1 2 2
2 Ryan Dzingel 40 1 2 2
Penalty Kill - 3 Players Defense
Defense Defense Time % Phy DF OF
1 Caleb Jones Philippe Myers 60 1 2 2
2 Robin Salo Declan Chisholm 40 1 2 2
4 vs 4 Forward
Center Wing Time % Phy DF OF
1 Johan Larsson Ryan Dzingel 60 1 2 2
2 Adam Gaudette Dominik Simon 40 1 2 2
4 vs 4 Defense
Defense Defense Time % Phy DF OF
1 Caleb Jones Philippe Myers 60 1 2 2
2 Robin Salo Declan Chisholm 40 1 2 2
Last Minutes Offensive
Center Left Wing Right Wing Defense Defense
Johan Larsson Ryan Dzingel Adam Gaudette Caleb Jones Philippe Myers
Last Minutes Defensive
Center Left Wing Right Wing Defense Defense
Johan Larsson Ryan Dzingel Adam Gaudette Caleb Jones Philippe Myers
Goaltenders
Starting : Jet Greaves
Backup : Matthew Murray
Extra Forwards
Normal : Tyler Madden, Marc McLaughlin, Axel Jonsson-Fjallby - PP : Tyler Madden, Marc McLaughlin - PK : Axel Jonsson-Fjallby
Extra Defensemen
Normal : Ben Gleason, Nick Cicek, Robin Salo - PP : Ben Gleason - PK : Nick Cicek, Robin Salo
Penalty Shots
Johan Larsson, Ryan Dzingel, Adam Gaudette, Dominik Simon, Kevin Stenlund
Tucson Roadrunners
5 vs 5 Forward
Center Left Wing Right Wing Time % Phy DF OF
1 Justin Danforth Matthew Nieto Rocco Grimaldi 40 1 2 2
2 Scott Reedy William Carrier Matthew Highmore 30 1 2 2
3 Mikhail Maltsev Lukas Rousek Marian Studenic 20 1 2 2
4 Ben Jones Andre Lee Matthew Nieto 10 1 2 2
5 vs 5 Defense
Defense Defense Time % Phy DF OF
1 Carson Soucy Robert Hagg 40 1 2 2
2 Nicolas Meloche Michal Kempny 30 1 2 2
3 Simon Benoit Nick Seeler 20 1 2 2
4 Carson Soucy Robert Hagg 10 1 2 2
PowerPlay Forward
Center Left Wing Right Wing Time % Phy DF OF
1 Justin Danforth Matthew Nieto Rocco Grimaldi 60 1 2 2
2 Scott Reedy William Carrier Matthew Highmore 40 1 2 2
PowerPlay Defense
Defense Defense Time % Phy DF OF
1 Carson Soucy Robert Hagg 60 1 2 2
2 Nicolas Meloche Michal Kempny 40 1 2 2
Penalty Kill 4 Players Forward
Center Wing Time % Phy DF OF
1 Matthew Nieto Rocco Grimaldi 60 1 2 2
2 William Carrier Justin Danforth 40 1 2 2
Penalty Kill 4 Players Defense
Defense Defense Time % Phy DF OF
1 Carson Soucy Robert Hagg 60 1 2 2
2 Nicolas Meloche Michal Kempny 40 1 2 2
Penalty Kill - 3 Players Forward
Forward Time % Phy DF OF
1 Matthew Nieto 60 1 2 2
2 Rocco Grimaldi 40 1 2 2
Penalty Kill - 3 Players Defense
Defense Defense Time % Phy DF OF
1 Carson Soucy Robert Hagg 60 1 2 2
2 Nicolas Meloche Michal Kempny 40 1 2 2
4 vs 4 Forward
Center Wing Time % Phy DF OF
1 Matthew Nieto Rocco Grimaldi 60 1 2 2
2 William Carrier Justin Danforth 40 1 2 2
4 vs 4 Defense
Defense Defense Time % Phy DF OF
1 Carson Soucy Robert Hagg 60 1 2 2
2 Nicolas Meloche Michal Kempny 40 1 2 2
Last Minutes Offensive
Center Left Wing Right Wing Defense Defense
Justin Danforth Matthew Nieto Rocco Grimaldi Carson Soucy Robert Hagg
Last Minutes Defensive
Center Left Wing Right Wing Defense Defense
Justin Danforth Matthew Nieto Rocco Grimaldi Carson Soucy Robert Hagg
Goaltenders
Starting : Martin Jones
Backup : Jaroslav Halak
Extra Forwards
Normal : Gage Goncalves, Mikhail Maltsev, Marian Studenic - PP : Gage Goncalves, Mikhail Maltsev - PK : Marian Studenic
Extra Defensemen
Normal : Simon Benoit, Nick Seeler, Nicolas Meloche - PP : Simon Benoit - PK : Nick Seeler, Nicolas Meloche
Penalty Shots
Matthew Nieto, Rocco Grimaldi, William Carrier, Justin Danforth, Scott Reedy
% Time on Ice - Adelaide Pink Elephants
Lines # - Real PCT - Wanted PCT - Time Play
Normal Forward
1 - 30% - 40% - 14:08
2 - 37% - 30% - 17:24
3 - 23% - 20% - 11:10
4 - 10% - 10% - 4:50
Normal Defense
1 - 38% - 40% - 18:05
2 - 34% - 30% - 16:21
3 - 26% - 20% - 12:09
4 - 2% - 10% - 0:57
PP Forward
1 - 61% - 60% - 4:28
2 - 39% - 40% - 2:53
PP Defense
1 - 60% - 60% - 4:26
2 - 40% - 40% - 2:55
PK Forward
1 - 84% - 60% - 3:21
2 - 16% - 40% - 0:37
PK Defense
1 - 66% - 60% - 2:38
2 - 34% - 40% - 1:20
PK3 Forward
1 - 0% - 60%
2 - 0% - 40%
PK3 Defense
1 - 0% - 60%
2 - 0% - 40%
44 Forward
1 - 0% - 60%
2 - 0% - 40%
44 Defense
1 - 0% - 60%
2 - 0% - 40%
Last Minute Offensive - 1:09
Last Minute Defensive - 0:00
Total
Forward - 60:00
Defense - 60:00
|
% Time on Ice - Tucson Roadrunners
Lines # - Real PCT - Wanted PCT - Time Play
Normal Forward
1 - 28% - 40% - 13:12
2 - 33% - 30% - 15:42
3 - 25% - 20% - 11:40
4 - 15% - 10% - 6:54
Normal Defense
1 - 37% - 40% - 17:37
2 - 33% - 30% - 15:52
3 - 28% - 20% - 13:11
4 - 2% - 10% - 0:48
PP Forward
1 - 52% - 60% - 2:03
2 - 48% - 40% - 1:55
PP Defense
1 - 64% - 60% - 2:33
2 - 36% - 40% - 1:25
PK Forward
1 - 75% - 60% - 5:29
2 - 25% - 40% - 1:52
PK Defense
1 - 63% - 60% - 4:37
2 - 37% - 40% - 2:44
PK3 Forward
1 - 0% - 60%
2 - 0% - 40%
PK3 Defense
1 - 0% - 60%
2 - 0% - 40%
44 Forward
1 - 0% - 60%
2 - 0% - 40%
44 Defense
1 - 0% - 60%
2 - 0% - 40%
Last Minute Offensive - 0:00
Last Minute Defensive - 1:13
Total
Forward - 60:00
Defense - 60:00
|
Play-by-Play
1st period
0:01 of 1st period - Johan Larsson wins face-off versus Justin Danforth in neutral zone.
0:08 of 1st period - Caleb Jones is hit by Rocco Grimaldi and loses puck.
1:09 of 1st period - Matthew Nieto is hit by Johan Larsson and loses puck.
1:20 of 1st period - Backhand shot by Rocco Grimaldi.
1:20 of 1st period - Stopped by Jet Greaves with a rebound.
1:31 of 1st period - Icing by Dominik Simon.
1:32 of 1st period - Kevin Stenlund wins face-off versus Scott Reedy in Adelaide Pink Elephants zone.
3:21 of 1st period - A.J. Greer is hit by Robert Hagg and loses puck.
3:26 of 1st period - Wrist shot by Marian Studenic.
3:26 of 1st period - Stopped by Jet Greaves with a rebound.
3:28 of 1st period - Slapshot by Robert Hagg.
3:28 of 1st period - Stopped by Jet Greaves without a rebound.
3:29 of 1st period - Justin Danforth wins face-off versus Dominik Simon in Adelaide Pink Elephants zone.
3:42 of 1st period - Snap shot by Rocco Grimaldi.
3:42 of 1st period - Deflect By Matthew Phillips.
3:42 of 1st period - Shot Blocked by Philippe Myers.
3:42 of 1st period - Puck is out of play.
3:43 of 1st period - Johan Larsson wins face-off versus Scott Reedy in Adelaide Pink Elephants zone.
3:43 of 1st period - Johan Larsson is hit by Matthew Highmore.
4:08 of 1st period - Dominik Simon is hit by Rocco Grimaldi and loses puck.
4:51 of 1st period - Backhand shot by Ryan Dzingel.
4:51 of 1st period - Shot Blocked by Simon Benoit.
6:14 of 1st period - Snap shot by William Carrier.
6:14 of 1st period - Deflect By Scott Reedy.
6:14 of 1st period - Shot Misses the Net.
6:14 of 1st period - Puck is out of play.
6:15 of 1st period - Riley Damiani wins face-off versus Scott Reedy in Adelaide Pink Elephants zone.
6:15 of 1st period - Riley Damiani is hit by Carson Soucy.
6:42 of 1st period - Johan Larsson is hit by Matthew Highmore and loses puck.
6:47 of 1st period - Snap shot by William Carrier.
6:47 of 1st period - Shot Misses the Net.
6:49 of 1st period - Snap shot by Robert Hagg.
6:49 of 1st period - Shot Misses the Net.
6:51 of 1st period - Backhand shot by Robert Hagg.
6:51 of 1st period - Stopped by Jet Greaves with a rebound.
6:53 of 1st period - Slapshot by Robert Hagg.
6:53 of 1st period - Shot Misses the Net.
6:59 of 1st period - Wrist shot by Scott Reedy.
6:59 of 1st period - Stopped by Jet Greaves with a rebound.
7:01 of 1st period - Slapshot by Carson Soucy.
7:01 of 1st period - Deflect By Johan Larsson.
7:01 of 1st period - Stopped by Jet Greaves with a rebound.
7:03 of 1st period - Slapshot by Scott Reedy.
7:03 of 1st period - Goal by Scott Reedy - Adelaide Pink Elephants : 0 - Tucson Roadrunners : 1.
7:04 of 1st period - Kevin Stenlund wins face-off versus Justin Danforth in neutral zone.
7:59 of 1st period - Snap shot by Matthew Highmore.
7:59 of 1st period - Shot Blocked by Nick Cicek.
9:01 of 1st period - Minor Penalty to Carson Soucy for Hooking.
9:02 of 1st period - Johan Larsson wins face-off versus Matthew Nieto in Tucson Roadrunners zone.
9:27 of 1st period - Michal Kempny is hit by Kevin Stenlund and loses puck.
10:29 of 1st period - Nick Seeler is hit by Declan Chisholm and loses puck.
11:01 of 1st period - Penalty to Carson Soucy is over, Carson Soucy is back on ice.
11:02 of 1st period - Snap shot by Kevin Stenlund.
11:02 of 1st period - Shot Misses the Net.
11:23 of 1st period - Snap shot by Carson Soucy.
11:23 of 1st period - Stopped by Jet Greaves without a rebound.
11:24 of 1st period - Johan Larsson wins face-off versus Ben Jones in Adelaide Pink Elephants zone.
11:55 of 1st period - Wrist shot by Axel Jonsson-Fjallby.
11:55 of 1st period - Shot Misses the Net.
12:06 of 1st period - Snap shot by Marian Studenic.
12:06 of 1st period - Shot Blocked by Nick Cicek.
12:16 of 1st period - Slapshot by Matthew Nieto.
12:16 of 1st period - Stopped by Jet Greaves with a rebound.
12:18 of 1st period - Snap shot by Carson Soucy.
12:18 of 1st period - Deflect By Johan Larsson.
12:18 of 1st period - Stopped by Jet Greaves without a rebound.
12:19 of 1st period - Justin Danforth wins face-off versus Ryan Suzuki in Adelaide Pink Elephants zone.
12:26 of 1st period - Wrist shot by Rocco Grimaldi.
12:26 of 1st period - Shot Misses the Net.
12:30 of 1st period - Wrist shot by Matthew Nieto.
12:30 of 1st period - Deflect By Justin Danforth.
12:30 of 1st period - Shot Blocked by Philippe Myers.
12:30 of 1st period - Puck is out of play.
12:31 of 1st period - Riley Damiani wins face-off versus Justin Danforth in Adelaide Pink Elephants zone.
12:31 of 1st period - Riley Damiani is hit by Carson Soucy.
12:47 of 1st period - Wrist shot by Riley Damiani.
12:47 of 1st period - Stopped by Martin Jones with a rebound.
13:15 of 1st period - Minor Penalty to Carson Soucy for Holding Stick.
13:16 of 1st period - Matthew Nieto wins face-off versus Johan Larsson in Tucson Roadrunners zone.
13:16 of 1st period - Matthew Nieto is hit by Ryan Dzingel.
13:23 of 1st period - Off-side.
13:24 of 1st period - Johan Larsson wins face-off versus Matthew Nieto in neutral zone.
13:34 of 1st period - Icing by Philippe Myers.
13:35 of 1st period - Matthew Nieto wins face-off versus Johan Larsson in Adelaide Pink Elephants zone.
13:54 of 1st period - Slapshot by Adam Gaudette.
13:54 of 1st period - Shot Misses the Net.
13:56 of 1st period - Snap shot by Philippe Myers.
13:56 of 1st period - Shot Misses the Net.
13:58 of 1st period - Wrist shot by Johan Larsson.
13:58 of 1st period - Shot Blocked by Rocco Grimaldi.
14:00 of 1st period - Snap shot by Johan Larsson.
14:00 of 1st period - Stopped by Martin Jones without a rebound.
14:01 of 1st period - Kevin Stenlund wins face-off versus Matthew Nieto in Tucson Roadrunners zone.
15:15 of 1st period - Penalty to Carson Soucy is over, Carson Soucy is back on ice.
15:25 of 1st period - Slapshot by Riley Damiani.
15:25 of 1st period - Stopped by Martin Jones with a rebound.
15:31 of 1st period - Snap shot by Carson Soucy.
15:31 of 1st period - Stopped by Jet Greaves with a rebound.
15:33 of 1st period - Snap shot by Justin Danforth.
15:33 of 1st period - Shot Blocked by Ben Gleason.
15:35 of 1st period - Snap shot by Robert Hagg.
15:35 of 1st period - Stopped by Jet Greaves without a rebound.
15:36 of 1st period - Mikhail Maltsev wins face-off versus Kevin Stenlund in Adelaide Pink Elephants zone.
15:37 of 1st period - Wrist shot by Marian Studenic.
15:37 of 1st period - Shot Misses the Net.
15:39 of 1st period - Slapshot by Nick Seeler.
15:39 of 1st period - Stopped by Jet Greaves with a rebound.
15:49 of 1st period - Snap shot by Marian Studenic.
15:49 of 1st period - Stopped by Jet Greaves with a rebound.
15:51 of 1st period - Wrist shot by Marian Studenic.
15:51 of 1st period - Shot Misses the Net.
16:28 of 1st period - Adam Gaudette is hit by William Carrier and loses puck.
16:41 of 1st period - Slapshot by Carson Soucy.
16:41 of 1st period - Shot Blocked by Kevin Stenlund.
16:43 of 1st period - Slapshot by Robert Hagg.
16:43 of 1st period - Shot Misses the Net.
16:45 of 1st period - Snap shot by Mikhail Maltsev.
16:45 of 1st period - Shot Blocked by Kevin Stenlund.
17:19 of 1st period - Wrist shot by Dominik Simon.
17:19 of 1st period - Deflect By Matthew Phillips.
17:19 of 1st period - Stopped by Martin Jones with a rebound.
17:21 of 1st period - Slapshot by Ben Gleason.
17:21 of 1st period - Stopped by Martin Jones with a rebound.
17:23 of 1st period - Wrist shot by Dominik Simon.
17:23 of 1st period - Stopped by Martin Jones with a rebound.
17:25 of 1st period - Snap shot by Kevin Stenlund.
17:25 of 1st period - Stopped by Martin Jones without a rebound.
17:26 of 1st period - Johan Larsson wins face-off versus Justin Danforth in Tucson Roadrunners zone.
17:39 of 1st period - Snap shot by Rocco Grimaldi.
17:39 of 1st period - Stopped by Jet Greaves without a rebound.
17:40 of 1st period - Mikhail Maltsev wins face-off versus Ryan Dzingel in Adelaide Pink Elephants zone.
17:44 of 1st period - Icing by Philippe Myers.
17:45 of 1st period - Marian Studenic wins face-off versus Johan Larsson in Adelaide Pink Elephants zone.
17:59 of 1st period - Off-side.
18:00 of 1st period - Justin Danforth wins face-off versus Johan Larsson in neutral zone.
18:07 of 1st period - Wrist shot by Adam Gaudette.
18:07 of 1st period - Stopped by Martin Jones without a rebound.
18:08 of 1st period - Justin Danforth wins face-off versus Ryan Dzingel in Tucson Roadrunners zone.
18:18 of 1st period - Icing by Johan Larsson.
18:19 of 1st period - Justin Danforth wins face-off versus Johan Larsson in Adelaide Pink Elephants zone.
18:23 of 1st period - Icing by Philippe Myers.
18:24 of 1st period - Johan Larsson wins face-off versus Justin Danforth in Adelaide Pink Elephants zone.
18:37 of 1st period - Snap shot by Adam Gaudette.
18:37 of 1st period - Stopped by Martin Jones with a rebound.
18:39 of 1st period - Snap shot by Ryan Dzingel.
18:39 of 1st period - Stopped by Martin Jones with a rebound.
18:40 of 1st period - Adam Gaudette beats up Rocco Grimaldi.
18:40 of 1st period - Penalty to Rocco Grimaldi for Fighting.
18:40 of 1st period - Penalty to Adam Gaudette for Fighting.
18:41 of 1st period - Johan Larsson wins face-off versus Justin Danforth in Tucson Roadrunners zone.
18:42 of 1st period - Snap shot by Ryan Dzingel.
18:42 of 1st period - Shot Misses the Net.
19:13 of 1st period - Snap shot by William Carrier.
19:13 of 1st period - Stopped by Jet Greaves without a rebound.
19:14 of 1st period - Johan Larsson wins face-off versus Justin Danforth in Adelaide Pink Elephants zone.
19:14 of 1st period - Johan Larsson is hit by Justin Danforth.
19:39 of 1st period - Ryan Dzingel is hit by Mikhail Maltsev and loses puck.
19:50 of 1st period - Snap shot by Marian Studenic.
19:50 of 1st period - Deflect By Mikhail Maltsev.
19:50 of 1st period - Stopped by Jet Greaves with a rebound.
19:52 of 1st period - Snap shot by Nicolas Meloche.
19:52 of 1st period - Stopped by Jet Greaves with a rebound.
Goals for this period are 0 for Adelaide Pink Elephants vs 1 for Tucson Roadrunners.
Shots for this period are 10 for Adelaide Pink Elephants vs 18 for Tucson Roadrunners.
2nd period
0:01 of 2nd period - Johan Larsson wins face-off versus Justin Danforth in neutral zone.
0:49 of 2nd period - Snap shot by Kevin Stenlund.
0:49 of 2nd period - Stopped by Martin Jones without a rebound.
0:50 of 2nd period - Kevin Stenlund wins face-off versus Mikhail Maltsev in Tucson Roadrunners zone.
0:53 of 2nd period - Backhand shot by Dominik Simon.
0:53 of 2nd period - Shot Blocked by Mikhail Maltsev.
1:23 of 2nd period - Icing by Johan Larsson.
1:24 of 2nd period - Johan Larsson wins face-off versus Justin Danforth in Adelaide Pink Elephants zone.
1:29 of 2nd period - Slapshot by Matthew Nieto.
1:29 of 2nd period - Stopped by Jet Greaves without a rebound.
1:30 of 2nd period - Johan Larsson wins face-off versus Justin Danforth in Adelaide Pink Elephants zone.
1:34 of 2nd period - Minor Penalty to Gage Goncalves for Holding.
1:35 of 2nd period - Matthew Nieto wins face-off versus Johan Larsson in Tucson Roadrunners zone.
1:43 of 2nd period - Snap shot by Ryan Dzingel.
1:43 of 2nd period - Shot Misses the Net.
1:45 of 2nd period - Snap shot by Caleb Jones.
1:45 of 2nd period - Shot Blocked by Marian Studenic.
1:47 of 2nd period - Slapshot by Ryan Dzingel.
1:47 of 2nd period - Stopped by Martin Jones without a rebound.
1:48 of 2nd period - Johan Larsson wins face-off versus Matthew Nieto in Tucson Roadrunners zone.
1:53 of 2nd period - Slapshot by Johan Larsson.
1:53 of 2nd period - Stopped by Martin Jones with a rebound.
2:04 of 2nd period - Off-side.
2:05 of 2nd period - Johan Larsson wins face-off versus Matthew Nieto in neutral zone.
2:14 of 2nd period - Wrist shot by Johan Larsson.
2:14 of 2nd period - Deflect By Robert Hagg.
2:14 of 2nd period - Shot Blocked by Marian Studenic.
2:14 of 2nd period - Puck is out of play.
2:15 of 2nd period - Johan Larsson wins face-off versus Matthew Nieto in Tucson Roadrunners zone.
2:50 of 2nd period - Wrist shot by Johan Larsson.
2:50 of 2nd period - Shot Blocked by Carson Soucy.
2:56 of 2nd period - Snap shot by Johan Larsson.
2:56 of 2nd period - Stopped by Martin Jones with a rebound.
2:58 of 2nd period - Slapshot by Johan Larsson.
2:58 of 2nd period - Goal by Johan Larsson - Adelaide Pink Elephants : 1 - Tucson Roadrunners : 1.
2:59 of 2nd period - Kevin Stenlund wins face-off versus Scott Reedy in neutral zone.
3:02 of 2nd period - Nicolas Meloche is hit by Dominik Simon and loses puck.
3:29 of 2nd period - Snap shot by Axel Jonsson-Fjallby.
3:29 of 2nd period - Shot Blocked by Michal Kempny.
3:33 of 2nd period - Wrist shot by Axel Jonsson-Fjallby.
3:33 of 2nd period - Shot Misses the Net.
3:35 of 2nd period - Slapshot by Nick Cicek.
3:35 of 2nd period - Shot Hit the Post.
3:54 of 2nd period - Off-side.
3:55 of 2nd period - William Carrier wins face-off versus Kevin Stenlund in neutral zone.
3:55 of 2nd period - Scott Reedy is hit by Kevin Stenlund.
4:03 of 2nd period - Wrist shot by William Carrier.
4:03 of 2nd period - Stopped by Jet Greaves without a rebound.
4:04 of 2nd period - Kevin Stenlund wins face-off versus Scott Reedy in Adelaide Pink Elephants zone.
4:15 of 2nd period - Backhand shot by Kevin Stenlund.
4:15 of 2nd period - Shot Blocked by Scott Reedy.
4:19 of 2nd period - Slapshot by Matthew Phillips.
4:19 of 2nd period - Stopped by Martin Jones without a rebound.
4:20 of 2nd period - Johan Larsson wins face-off versus Justin Danforth in Tucson Roadrunners zone.
4:25 of 2nd period - Wrist shot by Ryan Dzingel.
4:25 of 2nd period - Stopped by Martin Jones with a rebound.
4:36 of 2nd period - Off-side.
4:37 of 2nd period - Scott Reedy wins face-off versus Kevin Stenlund in neutral zone.
4:50 of 2nd period - Slapshot by Scott Reedy.
4:50 of 2nd period - Shot Misses the Net.
4:58 of 2nd period - Minor Penalty to Kevin Stenlund for Hooking.
4:59 of 2nd period - Justin Danforth wins face-off versus Johan Larsson in Adelaide Pink Elephants zone.
5:00 of 2nd period - Backhand shot by Rocco Grimaldi.
5:00 of 2nd period - Shot Misses the Net.
5:02 of 2nd period - Snap shot by Rocco Grimaldi.
5:02 of 2nd period - Shot Misses the Net.
5:08 of 2nd period - Wrist shot by Matthew Nieto.
5:08 of 2nd period - Deflect By Johan Larsson.
5:08 of 2nd period - Stopped by Jet Greaves with a rebound.
5:10 of 2nd period - Wrist shot by Justin Danforth.
5:10 of 2nd period - Stopped by Jet Greaves without a rebound.
5:11 of 2nd period - Matthew Nieto wins face-off versus Johan Larsson in Adelaide Pink Elephants zone.
5:26 of 2nd period - Snap shot by Ryan Dzingel.
5:26 of 2nd period - Shot Blocked by Rocco Grimaldi.
5:46 of 2nd period - Johan Larsson is hit by Matthew Highmore and loses puck.
6:58 of 2nd period - Penalty to Kevin Stenlund is over, Kevin Stenlund is back on ice.
7:13 of 2nd period - Ben Gleason is hit by Mikhail Maltsev and loses puck.
7:24 of 2nd period - Ben Jones is hit by Axel Jonsson-Fjallby and loses puck.
7:33 of 2nd period - Andre Lee is hit by Axel Jonsson-Fjallby and loses puck.
7:44 of 2nd period - Andre Lee is hit by Declan Chisholm and loses puck.
8:23 of 2nd period - Michal Kempny is hit by Adam Gaudette and loses puck.
8:42 of 2nd period - Snap shot by Rocco Grimaldi.
8:42 of 2nd period - Stopped by Jet Greaves with a rebound.
8:56 of 2nd period - Rocco Grimaldi is hit by Dominik Simon and loses puck.
9:44 of 2nd period - Declan Chisholm is hit by Andre Lee.
10:16 of 2nd period - Johan Larsson is hit by Justin Danforth and loses puck.
12:22 of 2nd period - Snap shot by Tyler Madden.
12:22 of 2nd period - Shot Misses the Net.
13:29 of 2nd period - Ryan Dzingel is hit by Robert Hagg and loses puck.
14:15 of 2nd period - Matthew Highmore is hit by Johan Larsson.
14:37 of 2nd period - Riley Damiani is hit by Marian Studenic and loses puck.
15:17 of 2nd period - Minor Penalty to Michal Kempny for Hooking.
15:18 of 2nd period - Kevin Stenlund wins face-off versus Matthew Nieto in Tucson Roadrunners zone.
15:34 of 2nd period - Off-side.
15:35 of 2nd period - Matthew Nieto wins face-off versus Johan Larsson in neutral zone.
15:44 of 2nd period - Snap shot by Matthew Nieto.
15:44 of 2nd period - Stopped by Jet Greaves with a rebound.
16:09 of 2nd period - Snap shot by Dominik Simon.
16:09 of 2nd period - Stopped by Martin Jones without a rebound.
16:10 of 2nd period - Johan Larsson wins face-off versus Matthew Nieto in Tucson Roadrunners zone.
17:17 of 2nd period - Penalty to Michal Kempny is over, Michal Kempny is back on ice.
17:50 of 2nd period - Snap shot by William Carrier.
17:50 of 2nd period - Shot Blocked by Ben Gleason.
18:07 of 2nd period - Robin Salo is hit by Andre Lee and loses puck.
18:22 of 2nd period - Nicolas Meloche is hit by Dominik Simon and loses puck.
18:38 of 2nd period - Off-side.
18:39 of 2nd period - Justin Danforth wins face-off versus Kevin Stenlund in neutral zone.
19:01 of 2nd period - Wrist shot by Axel Jonsson-Fjallby.
19:01 of 2nd period - Stopped by Martin Jones with a rebound.
19:21 of 2nd period - Wrist shot by Mikhail Maltsev.
19:21 of 2nd period - Shot Blocked by Adam Gaudette.
19:24 of 2nd period - Icing by Declan Chisholm.
19:25 of 2nd period - Justin Danforth wins face-off versus Ryan Dzingel in Adelaide Pink Elephants zone.
19:30 of 2nd period - Wrist shot by Matthew Nieto.
19:30 of 2nd period - Shot Misses the Net.
19:32 of 2nd period - Snap shot by Rocco Grimaldi.
19:32 of 2nd period - Shot Blocked by Robin Salo.
19:34 of 2nd period - Snap shot by Matthew Nieto.
19:34 of 2nd period - Tucson Roadrunners goal is going for a video replay.
19:34 of 2nd period - The goal is good.
19:34 of 2nd period - Goal by Matthew Nieto - Adelaide Pink Elephants : 1 - Tucson Roadrunners : 2.
19:35 of 2nd period - Johan Larsson wins face-off versus Matthew Nieto in neutral zone.
19:42 of 2nd period - Backhand shot by Carson Soucy.
19:42 of 2nd period - Stopped by Jet Greaves with a rebound.
19:44 of 2nd period - Snap shot by Rocco Grimaldi.
19:44 of 2nd period - Deflect By Justin Danforth.
19:44 of 2nd period - Shot Misses the Net.
19:44 of 2nd period - Puck is out of play.
19:45 of 2nd period - Justin Danforth wins face-off versus Ryan Dzingel in Adelaide Pink Elephants zone.
19:58 of 2nd period - Wrist shot by Matthew Nieto.
19:58 of 2nd period - Shot Misses the Net.
Goals for this period are 1 for Adelaide Pink Elephants vs 1 for Tucson Roadrunners.
Shots for this period are 9 for Adelaide Pink Elephants vs 8 for Tucson Roadrunners.
3rd period
0:01 of 3rd period - Johan Larsson wins face-off versus Justin Danforth in neutral zone.
0:10 of 3rd period - Snap shot by Adam Gaudette.
0:10 of 3rd period - Shot Misses the Net.
0:35 of 3rd period - Slapshot by Carson Soucy.
0:35 of 3rd period - Stopped by Jet Greaves with a rebound.
1:17 of 3rd period - Lukas Rousek is hit by Ryan Dzingel and loses puck.
1:54 of 3rd period - Snap shot by William Carrier.
1:54 of 3rd period - Stopped by Jet Greaves with a rebound.
3:18 of 3rd period - Snap shot by Matthew Highmore.
3:18 of 3rd period - Deflect By Justin Danforth.
3:18 of 3rd period - Stopped by Jet Greaves with a rebound.
3:20 of 3rd period - Snap shot by Justin Danforth.
3:20 of 3rd period - Shot Misses the Net.
4:18 of 3rd period - Nicolas Meloche is hit by Riley Damiani and loses puck.
4:46 of 3rd period - Wrist shot by Ryan Dzingel.
4:46 of 3rd period - Shot Blocked by Marian Studenic.
4:48 of 3rd period - Snap shot by Ryan Suzuki.
4:48 of 3rd period - Stopped by Martin Jones with a rebound.
5:43 of 3rd period - Snap shot by Ben Jones.
5:43 of 3rd period - Shot Misses the Net.
5:45 of 3rd period - Wrist shot by Ben Jones.
5:45 of 3rd period - Deflect By Gage Goncalves.
5:45 of 3rd period - Shot Hit the Post.
5:45 of 3rd period - Puck is out of play.
5:46 of 3rd period - Riley Damiani wins face-off versus Scott Reedy in Adelaide Pink Elephants zone.
6:20 of 3rd period - Off-side.
6:21 of 3rd period - Justin Danforth wins face-off versus Johan Larsson in neutral zone.
7:10 of 3rd period - Off-side.
7:11 of 3rd period - Justin Danforth wins face-off versus Kevin Stenlund in neutral zone.
7:59 of 3rd period - Icing by Ben Gleason.
8:00 of 3rd period - Ben Jones wins face-off versus Riley Damiani in Adelaide Pink Elephants zone.
8:07 of 3rd period - Slapshot by Axel Jonsson-Fjallby.
8:07 of 3rd period - Shot Misses the Net.
8:09 of 3rd period - Snap shot by Axel Jonsson-Fjallby.
8:09 of 3rd period - Stopped by Martin Jones with a rebound.
8:11 of 3rd period - Snap shot by Riley Damiani.
8:11 of 3rd period - Stopped by Martin Jones with a rebound.
8:13 of 3rd period - Backhand shot by Riley Damiani.
8:13 of 3rd period - Shot Misses the Net.
8:15 of 3rd period - Wrist shot by Riley Damiani.
8:15 of 3rd period - Stopped by Martin Jones with a rebound.
8:45 of 3rd period - Off-side.
8:46 of 3rd period - Dominik Simon wins face-off versus Mikhail Maltsev in neutral zone.
8:57 of 3rd period - Snap shot by Marian Studenic.
8:57 of 3rd period - Stopped by Jet Greaves with a rebound.
9:11 of 3rd period - Carson Soucy is hit by Adam Gaudette and loses puck.
9:20 of 3rd period - Snap shot by Matthew Nieto.
9:20 of 3rd period - Stopped by Jet Greaves without a rebound.
9:21 of 3rd period - Johan Larsson wins face-off versus Scott Reedy in Adelaide Pink Elephants zone.
10:23 of 3rd period - Minor Penalty to Riley Damiani for Tripping.
10:24 of 3rd period - Ryan Dzingel wins face-off versus Justin Danforth in Adelaide Pink Elephants zone.
10:33 of 3rd period - Snap shot by Ryan Dzingel.
10:33 of 3rd period - Shot Blocked by Robert Hagg.
10:58 of 3rd period - Wrist shot by Matthew Highmore.
10:58 of 3rd period - Stopped by Jet Greaves with a rebound.
12:21 of 3rd period - Robert Hagg is hit by Declan Chisholm and loses puck.
12:23 of 3rd period - Penalty to Riley Damiani is over, Riley Damiani is back on ice.
12:58 of 3rd period - Axel Jonsson-Fjallby is hit by Simon Benoit.
13:08 of 3rd period - Slapshot by Robin Salo.
13:08 of 3rd period - Shot Blocked by Nick Seeler.
13:10 of 3rd period - Slapshot by Declan Chisholm.
13:10 of 3rd period - Shot Misses the Net.
13:12 of 3rd period - Wrist shot by Matthew Phillips.
13:12 of 3rd period - Stopped by Martin Jones with a rebound.
19:00 of 3rd period - Adelaide Pink Elephants, Jet Greaves is pulled from the net.
19:06 of 3rd period - Wrist shot by Ryan Dzingel.
19:06 of 3rd period - Deflect By Marc McLaughlin.
19:06 of 3rd period - Stopped by Martin Jones with a rebound.
19:08 of 3rd period - Snap shot by Johan Larsson.
19:08 of 3rd period - Stopped by Martin Jones without a rebound.
19:09 of 3rd period - Craig Berube call a timeout for Adelaide Pink Elephants.
19:09 of 3rd period - Johan Larsson wins face-off versus Justin Danforth in Tucson Roadrunners zone.
19:14 of 3rd period - Wrist shot by Ryan Dzingel.
19:14 of 3rd period - Deflect By Johan Larsson.
19:14 of 3rd period - Shot Misses the Net.
19:14 of 3rd period - Puck is out of play.
19:15 of 3rd period - Johan Larsson wins face-off versus Justin Danforth in Tucson Roadrunners zone.
19:22 of 3rd period - Snap shot by Ryan Dzingel.
19:22 of 3rd period - Shot Blocked by Justin Danforth.
19:24 of 3rd period - Snap shot by Ryan Dzingel.
19:24 of 3rd period - Stopped by Martin Jones with a rebound.
19:32 of 3rd period - Snap shot by Ryan Dzingel.
19:32 of 3rd period - Stopped by Martin Jones with a rebound.
19:34 of 3rd period - Snap shot by Johan Larsson.
19:34 of 3rd period - Stopped by Martin Jones without a rebound.
19:35 of 3rd period - Justin Danforth wins face-off versus Johan Larsson in Tucson Roadrunners zone.
19:45 of 3rd period - Off-side.
19:46 of 3rd period - Johan Larsson wins face-off versus Justin Danforth in neutral zone.
19:53 of 3rd period - Snap shot by Ryan Dzingel.
19:53 of 3rd period - Stopped by Martin Jones without a rebound.
19:54 of 3rd period - Johan Larsson wins face-off versus Justin Danforth in Tucson Roadrunners zone.
Goals for this period are 0 for Adelaide Pink Elephants vs 0 for Tucson Roadrunners.
Shots for this period are 11 for Adelaide Pink Elephants vs 6 for Tucson Roadrunners.
Back to the Top